 Dungeon Crawl Stone Soup version 0.30-a0-830-gfe289a77b0 (webtiles) character file.

Game seed: 5955571301604349162

78 Nacht the Digger (level 4, 0/33 HPs)
             Began as a Ghoul Earth Elementalist on Mar 1, 2023.
             Slain by a gnoll
             ... wielding a +0 whip
              (7 damage)
             ... on level 2 of the Dungeon.
             The game lasted 00:02:08 (2539 turns).

Nacht the Digger (Ghoul Earth Elementalist)         Turns: 2539, Time: 00:02:09

Health: 0/33       AC:  2    Str: 11    XL:     4   Next: 36%
Magic:  1/5        EV: 12    Int: 12    God:
Gold:   96         SH:  0    Dex:  9    Spells: 0/6 levels left

rFire   . . .      SeeInvis .    (no weapon)
rCold   + . .      Faith    .    (no shield)
rNeg    + + +      Spirit   .    a - +0 robe
rPois   ∞          Reflect  .    (no helmet)
rElec   .          Harm     .    (no cloak)
rCorr   .          Rampage  .    (no gloves)
Will    .....                    (no boots)
Stlth   ++                       (no amulet)
HPRegen 0.00/turn                (no ring)
MPRegen 0.09/turn                (no ring)

@: inhibited regen
A: claws 1, cold resistance 1, negative energy resistance 3, inhibited
regeneration, torment resistance 2, devour on kill
a: no special abilities


You were on level 2 of the Dungeon.
You visited 1 branch of the dungeon, and saw 3 of its levels.

You collected 96 gold pieces.

Inventory:

Missiles
 o - 2 poisoned darts
Armour
 a - a +0 robe (worn)
Scrolls
 c - a scroll of magic mapping {unknown}
 d - a scroll of blinking {unknown}
 e - 2 scrolls of teleportation {unknown}
 f - 3 scrolls of identify {unknown}
 i - 2 scrolls of vulnerability {unknown}
 j - a scroll of amnesia {unknown}
 l - a scroll of fog {unknown}
Potions
 b - 2 potions of magic
 g - a potion of brilliance {unknown}
 h - a potion of cancellation {unknown}
 k - 2 potions of heal wounds {unknown}
 m - a potion of curing {unknown}
 n - 2 potions of flight {unknown}


   Skills:
 - Level 1.7 Dodging
 - Level 2.1 Stealth
 + Level 1.9 Spellcasting
 * Level 0.5 Conjurations
 - Level 0.8 Transmutations
 + Level 5.3 Earth Magic


You couldn't memorise any spells.
You knew the following spells:

 Your Spells              Type           Power      Damage    Failure   Level
a - Sandblast             Erth           28%        2d8       3%          1
b - Stone Arrow           Conj/Erth      16%        3d8       26%         3
w - Passwall              Tmut/Erth      6%         N/A       12%         2

Your spell library contained the following spells:

 Spells                   Type           Power      Damage    Failure   Level
 Petrify                  Tmut/Erth      8%         N/A       58%         4
 Animate Dead             Necr           1%         N/A       95%         4
 Borgnjor's Vile Clutch   Necr/Erth      3%         N/A       95%         5
 Death Channel            Necr           0%         N/A       100%        6


Dungeon Overview and Level Annotations

Branches:
Dungeon (3/15)

Altars:


Innate Abilities, Weirdness & Mutations

You are immune to poison.
You have sharp fingernails.
Your flesh is cold resistant. (rC+)
You are immune to negative energy. (rN+++)
You do not regenerate when monsters are visible.
You are immune to unholy pain and torment.
You thrive by killing the living.


Message History

HP restored.
Done exploring.
You climb downwards.
There is a stone staircase leading up here.
Casting: Sandblast (safe; 3% risk of failure)
Confirm with . or Enter, or press ? or * to list all spells.
Aiming: Sandblast (safe; 3% risk of failure)
Press: ? - help, Shift-Dir - straight line, f - gnoll
Aim: a gnoll, wielding a +0 halberd (84% to hit)
The blast of sand hits the gnoll but does no damage.
The gnoll hits you from afar with a +0 halberd!
A gnoll comes into view. It is wielding a +0 whip.
Casting: Sandblast (safe; 3% risk of failure)
Confirm with . or Enter, or press ? or * to list all spells.
Aiming: Sandblast (safe; 3% risk of failure)
Press: ? - help, Shift-Dir - straight line, f/p - gnoll
Aim: a gnoll, wielding a +0 halberd (84% to hit)
The blast of sand misses the gnoll.
The gnoll barely misses you.
Casting: Sandblast (safe; 3% risk of failure)
Confirm with . or Enter, or press ? or * to list all spells.
Aiming: Sandblast (safe; 3% risk of failure)
Press: ? - help, Shift-Dir - straight line, f/p - gnoll
Aim: a gnoll, wielding a +0 halberd (84% to hit)
The blast of sand misses the gnoll.
The gnoll hits you from afar with a +0 halberd.
The gnoll closely misses you. The gnoll barely misses you.
The gnoll hits you from afar with a +0 halberd.
* * * LOW HITPOINT WARNING * * *
The gnoll hits you with a +0 whip.
* * * LOW HITPOINT WARNING * * *
You climb upwards.
The frilled lizard hisses angrily.
There is a stone staircase leading down here.
Casting: Sandblast (safe; 3% risk of failure)
Confirm with . or Enter, or press ? or * to list all spells.
Aiming: Sandblast (safe; 3% risk of failure)
Press: ? - help, Shift-Dir - straight line, f - gnoll
Aim: a gnoll, wielding a +0 whip (84% to hit)
The blast of sand misses the gnoll.
The gnoll hits you with a +0 whip!
You die...

####...### #.#.#.#....#.#.##
###.......# #.#.#.#.#....#.#
.......<#.### #.#.#.#.##.###.#
........#...####.#.#.#.##...[.#
........##.l...#.#...#.########
........##.##..#.#.###.#
............##.#.#.# #.#
###.....##..##.)...# #.#
#.....##..##.g@### #.#
#.....##..##.#######.#
#####.....##.#.....#.#
#.###.##.#.###.#.# #.#
#........#.#.# #.#
####.#####.#.# #.# #.......#.#
#.# #########.# #.# #.#


You could see a gnoll and a frilled lizard.

Vanquished Creatures
  2 gnolls (D:3)
  2 adders (D:2)
  A worm (D:2)
  4 ball pythons
  4 bats
  4 endoplasms
  A giant cockroach (D:1)
  4 goblins
  4 hobgoblins
  2 jackals (D:1)
  2 quokkas
  2 frilled lizards
  2 kobolds (D:1)
  4 rats
38 creatures vanquished.

Notes
Turn   | Place    | Note
-------+----------+-------------------------------------------
     0 | D:1      | Nacht the Ghoul Earth Elementalist began the quest for the
                  | Orb.
     0 | D:1      | Reached XP level 1. HP: 14/14 MP: 2/2
   192 | D:1      | Reached XP level 2. HP: 20/20 MP: 0/3
   334 | D:1      | Reached skill level 4 in Earth Magic
   693 | D:1      | Found a faded altar of an unknown god.
  1010 | D:1      | Reached XP level 3. HP: 26/26 MP: 1/4
  1013 | D:1      | Learned a level 2 spell: Passwall
  1761 | D:2      | Reached skill level 5 in Earth Magic
  2019 | D:2      | HP: 1/26 [adder (1)]
  2021 | D:2      | Reached XP level 4. HP: 6/33 MP: 0/5
  2426 | D:2      | Learned a level 3 spell: Stone Arrow
  2539 | D:2      | Slain by a gnoll

Illustrated notes

Levels and vault maps discovered:
D:1:      spicycebolla_green_bress_n_ham_2, layout_loops_corners,
          ebering_ecumenical_altar_webs, chequers_serial_rivers_large_b
D:2:      layout_basic, minmay_cupped
D:3:      layout_rooms, serial_bayou, serial_bayou_ford_a,
          serial_bayou_lagoon_b, serial_bayou_pond_a, serial_bayou_lagoon_a,
          serial_bayou_pond_b, serial_bayou_shore_b, grunt_ministairs_6,
          minmay_misc_feat_x, uniq_robin

Skill      XL: |  1  2  3 |
---------------+----------+-----
Earth Magic    | 4 5 |  5.3
Dodging        | |  1.7
Stealth        | |  2.1
Spellcasting   | |  1.9
Conjurations   | |  0.5
Transmutations | |  0.8

Action                     |  1- 3 |  4- 6 || total
---------------------------+-------+-------++-------
  Melee: Unarmed           |    48 |       ||    48
   Cast: Sandblast         |    45 |    10 ||    55
   Stab: Sleeping          |     2 |       ||     2
 Armour: Robe              |    12 |       ||    12
  Dodge: Dodged            |    49 |    10 ||    59

Table legend: (Time is in decaauts)
 A = Elapsed time spent in this place.
 B = Non-inter-level travel time spent in this place.
 C = Inter-level travel time spent in this place.
 D = Time resting spent in this place.
 E = Time spent auto-exploring this place.
 F = Levels seen in this place.
 G = Mean time per level.
                   A        B        C        D        E       F      G
               +--------+--------+--------+--------+--------+-----+--------+
         Total |   2595 |   2473 |    122 |      0 |   2179 |   3 |  865.0 |
       Dungeon |   2595 |   2473 |    122 |      0 |   2179 |   3 |  865.0 |
               +--------+--------+--------+--------+--------+-----+--------+

Top non-repeatable levels by time:
     D:1: 1467 daAuts
     D:2: 1112 daAuts
     D:3: 14 daAuts
